1971 views
Uploaded 2023-04-07 03:23:27
Game version 1.35 (6115)
72:50 long 2on2 ladder game on (4)DejaVu_S2_v1.5
Saved by GIGA
1971 views
Uploaded 2023-04-07 03:23:27
Game version 1.35 (6115)
72:50 long 2on2 ladder game on (4)DejaVu_S2_v1.5


111 units @ 11.8k
/ 2.4k
111 buildings @ 8.4k
/ 4.1k
DudeWhy
(236)
(72:42) : 


| Orb of Fire | 2 | 650 |
| Staff of Sanctuary | 2 | 500 |
| Dust of Appearance | 2 | 150 |
| Boots of Speed | 4 | 1000 |
| total: | 10 | 2300g |
| Peasant | 31 | 2325 | / | 0 |
| Mortar Team | 16 | 2880 | / | 1120 |
| Transport Ship | 1 | 170 | / | 50 |
| total: | 48 | 5375g | / | 1170w |
| Scout Tower | 17 | 510 | / | 340 |
| Arcane Tower | 5 | 350 | / | 250 |
| Guard Tower | 5 | 350 | / | 250 |
| Altar of Kings | 2 | 360 | / | 100 |
| Farm | 10 | 800 | / | 200 |
| Lumber Mill | 1 | 120 | / | 0 |
| Town Hall | 5 | 1925 | / | 1025 |
| Blacksmith | 2 | 280 | / | 120 |
| Workshop | 1 | 140 | / | 140 |
| Keep | 1 | 320 | / | 210 |
| Castle | 1 | 360 | / | 210 |
| total: | 38 | 4135g | / | 1925w |
| 0:01 | Peasant |
| 0:07 | Peasant |
| 0:17 | Altar of Kings |
| 0:20 | Peasant |
| 0:32 | Farm |
| 0:34 | Peasant |
| 0:47 | Lumber Mill |
| 0:49 | Peasant |
| 0:54 | Farm |
| 1:16 | Peasant |
| 1:32 | Peasant |
| 1:34 | Scout Tower |
| 1:47 | Peasant |
| 1:51 | Improved Lumber Harvesting |
| 1:59 | Peasant |
| 2:04 | Farm |
| 2:31 | Storm Bolt |
| 2:47 | Arcane Tower |
| 2:59 | Peasant |
| 2:59 | Peasant |
| 3:09 | Peasant |
| 3:21 | Scout Tower |
| 3:34 | Scout Tower |
| 3:48 | Scout Tower |
| 4:03 | Peasant |
| 4:04 | Peasant |
| 4:06 | Arcane Tower |
| 4:12 | Peasant |
| 4:21 | Town Hall |
| 4:49 | Scout Tower |
| 5:19 | Scout Tower |
| 5:41 | Scout Tower |
| 5:42 | Arcane Tower |
| 5:44 | Scout Tower |
| 5:51 | Peasant |
| 5:51 | Peasant |
| 5:51 | Peasant |
| 6:14 | Guard Tower |
| 6:40 | Peasant |
| 6:40 | Peasant |
| 6:54 | Peasant |
| 6:54 | Peasant |
| 6:57 | Scout Tower |
| 6:59 | Scout Tower |
| 7:02 | Keep |
| 7:32 | Guard Tower |
| 7:43 | Guard Tower |
| 7:52 | Improved Masonry |
| 8:00 | Scout Tower |
| 8:11 | Peasant |
| 8:11 | Peasant |
| 8:24 | Arcane Tower |
| 8:45 | Peasant |
| 9:10 | Dust of Appearance |
| 9:20 | Peasant |
| 9:24 | Castle |
| 9:41 | Bash |
| 9:45 | Peasant |
| 9:46 | Scout Tower |
| 9:48 | Scout Tower |
| 9:50 | Scout Tower |
| 9:57 | Scout Tower |
| 9:58 | Scout Tower |
| 10:05 | Advanced Lumber Harvesting |
| 10:06 | Advanced Masonry |
| 10:14 | Holy Light |
| 10:22 | Guard Tower |
| 10:23 | Peasant |
| 10:23 | Peasant |
| 10:46 | Guard Tower |
| 10:53 | Holy Light |
| 12:47 | Bash |
| 13:22 | Farm |
| 13:25 | Farm |
| 13:28 | Blacksmith |
| 13:47 | Storm Bolt |
| 13:49 | Divine Shield |
| 13:50 | Divine Shield |
| 14:04 | Blacksmith |
| 14:42 | Farm |
| 14:44 | Farm |
| 14:45 | Farm |
| 15:41 | Workshop |
| 15:55 | Peasant |
| 15:55 | Peasant |
| 15:59 | Black Gunpowder |
| 16:54 | Fragmentation Shards |
| 16:55 | Mortar Team |
| 17:37 | Storm Bolt |
| 17:44 | Mortar Team |
| 17:51 | Refined Gunpowder |
| 18:27 | Mortar Team |
| 19:01 | Town Hall |
| 19:05 | Mortar Team |
| 19:36 | Imbued Gunpowder |
| 19:52 | Scout Tower |
| 19:58 | Mortar Team |
| 20:48 | Town Hall |
| 21:27 | Town Hall |
| 21:39 | Dust of Appearance |
| 22:30 | Flare |
| 23:29 | Town Hall |
| 23:31 | Transport Ship |
| 24:15 | Mortar Team |
| 24:15 | Mortar Team |
| 24:18 | Farm |
| 24:19 | Farm |
| 24:25 | Holy Light |
| 24:26 | Holy Light |
| 25:55 | Mortar Team |
| 25:58 | Studded Leather Armor |
| 26:32 | Mortar Team |
| 28:00 | Mortar Team |
| 29:05 | Boots of Speed |
| 29:05 | Boots of Speed |
| 29:45 | Mortar Team |
| 29:45 | Mortar Team |
| 30:41 | Orb of Fire |
| 30:43 | Staff of Sanctuary |
| 32:26 | Bash |
| 32:41 | Reinforced Leather Armor |
| 32:42 | Orb of Fire |
| 32:44 | Staff of Sanctuary |
| 33:10 | Altar of Kings |
| 35:21 | Brilliance Aura |
| 37:25 | Mortar Team |
| 37:25 | Mortar Team |
| 37:43 | Dragonhide Armor |
| 39:19 | Boots of Speed |
| 39:19 | Boots of Speed |
| 40:30 | Mortar Team |
| 40:31 | Mortar Team |
| 51:01 | Storm Bolt |
| 54:57 | Storm Bolt |
| 57:35 | Holy Light |
| 71:15 | Avatar |
| 72:29 | Avatar |
| Right click | 4509 |
| Select group | 1326 |
| Select | 739 |
| Use ability | 221 |
| Misc. action | 169 |
| Build/train/purchase | 167 |
| Resource trade | 91 |
| Assign group | 20 |
| Minimap ping | 15 |
| Item give/drop | 11 |
| Esc | 7 |



| Peasant | 20 | 1500 | / | 0 |
| Flying Machine | 36 | 3600 | / | 1080 |
| Dragonhawk Rider | 6 | 1200 | / | 180 |
| Priest | 1 | 135 | / | 10 |
| total: | 63 | 6435g | / | 1270w |
| Scout Tower | 46 | 1380 | / | 920 |
| Arcane Tower | 10 | 700 | / | 500 |
| Guard Tower | 15 | 1050 | / | 750 |
| Altar of Kings | 1 | 180 | / | 50 |
| Farm | 16 | 1280 | / | 320 |
| Barracks | 1 | 160 | / | 60 |
| Lumber Mill | 2 | 240 | / | 0 |
| Blacksmith | 1 | 140 | / | 60 |
| Arcane Vault | 1 | 130 | / | 30 |
| Cannon Tower | 1 | 120 | / | 100 |
| Workshop | 3 | 420 | / | 420 |
| Gryphon Aviary | 1 | 140 | / | 150 |
| Arcane Sanctum | 1 | 150 | / | 140 |
| Keep | 1 | 320 | / | 210 |
| Castle | 1 | 360 | / | 210 |
| total: | 73 | 4220g | / | 2150w |
| 0:03 | Peasant |
| 0:04 | Peasant |
| 0:07 | Altar of Kings |
| 0:16 | Peasant |
| 0:25 | Farm |
| 0:26 | Farm |
| 0:31 | Peasant |
| 0:37 | Peasant |
| 0:50 | Peasant |
| 0:58 | Peasant |
| 1:05 | Barracks |
| 1:21 | Lumber Mill |
| 1:22 | Peasant |
| 1:49 | Peasant |
| 1:49 | Peasant |
| 1:49 | Peasant |
| 1:52 | Scout Tower |
| 1:57 | Peasant |
| 2:02 | Farm |
| 2:06 | Peasant |
| 2:25 | Peasant |
| 2:25 | Peasant |
| 2:35 | Storm Bolt |
| 2:39 | Peasant |
| 2:42 | Arcane Tower |
| 2:56 | Farm |
| 2:57 | Farm |
| 3:48 | Scout Tower |
| 3:49 | Scout Tower |
| 3:49 | Scout Tower |
| 3:50 | Scout Tower |
| 3:51 | Scout Tower |
| 4:02 | Improved Lumber Harvesting |
| 4:02 | Peasant |
| 4:03 | Peasant |
| 4:48 | Scout Tower |
| 4:57 | Scout Tower |
| 4:58 | Scout Tower |
| 4:59 | Scout Tower |
| 5:12 | Keep |
| 5:14 | Guard Tower |
| 5:30 | Guard Tower |
| 5:33 | Improved Masonry |
| 5:38 | Scout Tower |
| 5:49 | Scout Tower |
| 5:50 | Scout Tower |
| 6:23 | Scout Tower |
| 6:25 | Guard Tower |
| 6:27 | Scout Tower |
| 6:39 | Scout Tower |
| 6:40 | Arcane Tower |
| 6:53 | Blacksmith |
| 6:54 | Arcane Tower |
| 6:56 | Scout Tower |
| 7:06 | Arcane Tower |
| 7:13 | Guard Tower |
| 7:30 | Arcane Tower |
| 7:33 | Arcane Tower |
| 7:38 | Scout Tower |
| 7:38 | Scout Tower |
| 7:42 | Scout Tower |
| 7:44 | Scout Tower |
| 7:47 | Advanced Masonry |
| 7:57 | Scout Tower |
| 7:59 | Scout Tower |
| 7:59 | Scout Tower |
| 8:01 | Scout Tower |
| 8:01 | Scout Tower |
| 8:03 | Guard Tower |
| 8:07 | Peasant |
| 8:08 | Peasant |
| 8:10 | Farm |
| 8:19 | Black Gunpowder |
| 8:23 | Workshop |
| 8:37 | Guard Tower |
| 8:59 | Workshop |
| 9:03 | Workshop |
| 9:35 | Castle |
| 9:40 | Guard Tower |
| 9:41 | Arcane Tower |
| 9:52 | Scout Tower |
| 9:53 | Scout Tower |
| 10:00 | Flying Machine |
| 10:06 | Guard Tower |
| 10:09 | Scout Tower |
| 10:09 | Scout Tower |
| 10:10 | Scout Tower |
| 10:21 | Flying Machine |
| 10:21 | Flying Machine |
| 10:54 | Guard Tower |
| 11:12 | Flak Cannons |
| 11:13 | Flying Machine |
| 11:13 | Flying Machine |
| 11:14 | Flying Machine |
| 11:14 | Flying Machine |
| 11:16 | Flying Machine |
| 11:16 | Flying Machine |
| 11:32 | Scout Tower |
| 11:35 | Scout Tower |
| 11:36 | Scout Tower |
| 11:56 | Flying Machine |
| 11:56 | Flying Machine |
| 11:57 | Flying Machine |
| 11:57 | Flying Machine |
| 11:57 | Flying Machine |
| 11:57 | Flying Machine |
| 12:02 | Lumber Mill |
| 12:09 | Farm |
| 12:13 | Farm |
| 12:26 | Farm |
| 12:34 | Farm |
| 12:41 | Farm |
| 12:46 | Farm |
| 12:52 | Refined Gunpowder |
| 13:05 | Flying Machine |
| 13:48 | Flying Machine Bombs |
| 13:58 | Imbued Masonry |
| 14:02 | Scout Tower |
| 14:03 | Scout Tower |
| 14:03 | Scout Tower |
| 14:04 | Scout Tower |
| 14:34 | Guard Tower |
| 14:42 | Imbued Gunpowder |
| 14:45 | Farm |
| 14:47 | Farm |
| 14:52 | Guard Tower |
| 14:55 | Scout Tower |
| 14:56 | Scout Tower |
| 14:57 | Guard Tower |
| 15:01 | Scout Tower |
| 15:25 | Guard Tower |
| 16:09 | Flying Machine |
| 16:09 | Flying Machine |
| 16:10 | Flying Machine |
| 16:10 | Flying Machine |
| 16:23 | Gryphon Aviary |
| 16:30 | Arcane Vault |
| 17:31 | Flying Machine |
| 17:31 | Flying Machine |
| 17:31 | Flying Machine |
| 17:31 | Flying Machine |
| 18:28 | Flying Machine |
| 18:28 | Flying Machine |
| 18:28 | Flying Machine |
| 18:29 | Flying Machine |
| 18:29 | Flying Machine |
| 18:36 | Dragonhawk Rider |
| 18:36 | Dragonhawk Rider |
| 18:37 | Cloud |
| 18:37 | Dragonhawk Rider |
| 18:37 | Dragonhawk Rider |
| 18:39 | Farm |
| 18:41 | Farm |
| 19:19 | Scout Tower |
| 19:21 | Scout Tower |
| 19:34 | Cannon Tower |
| 19:37 | Guard Tower |
| 20:10 | Iron Plating |
| 20:19 | Guard Tower |
| 23:10 | Dragonhawk Rider |
| 23:10 | Dragonhawk Rider |
| 27:03 | Steel Plating |
| 27:06 | Studded Leather Armor |
| 35:50 | Arcane Sanctum |
| 37:12 | Bash |
| 37:26 | Priest Adept Training |
| 37:28 | Priest |
| 37:47 | Magic Sentry |
| 37:51 | Scout Tower |
| 37:58 | Scout Tower |
| 38:45 | Arcane Tower |
| 38:47 | Arcane Tower |
| 39:24 | Scout Tower |
| 39:57 | Arcane Tower |
| 46:10 | Devotion Aura |
| 46:17 | Divine Shield |
| 55:01 | Blizzard |
| 55:23 | Holy Light |
| 60:15 | Flying Machine |
| 60:16 | Flying Machine |
| 60:17 | Flying Machine |
| 62:01 | Brilliance Aura |
| 63:41 | Flying Machine |
| 63:42 | Flying Machine |
| 63:42 | Flying Machine |
| 64:31 | Flying Machine |
| Right click | 4918 |
| Select group | 1268 |
| Select | 823 |
| Build/train/purchase | 160 |
| Use ability | 75 |
| Assign group | 45 |
| Minimap ping | 34 |
| Misc. action | 14 |
| Esc | 9 |
| Resource trade | 9 |
| Remove unit | 5 |
| Chat | 4 |
| Item give/drop | 2 |
113 units @ 18.6k
/ 3.1k
90 buildings @ 13.8k
/ 7.4k


| Scroll of Regeneration | 5 | 500 |
| Lesser Clarity Potion | 4 | 280 |
| Orb of Fire | 1 | 325 |
| Scroll of Town Portal | 25 | 8750 |
| Boots of Speed | 1 | 250 |
| total: | 36 | 10105g |
| Peasant | 14 | 1050 | / | 0 |
| Rifleman | 10 | 2050 | / | 300 |
| Priest | 8 | 1080 | / | 80 |
| Sorceress | 10 | 1550 | / | 200 |
| Gryphon Rider | 9 | 2520 | / | 630 |
| total: | 51 | 8250g | / | 1210w |
| Scout Tower | 1 | 30 | / | 20 |
| Arcane Tower | 1 | 70 | / | 50 |
| Altar of Kings | 1 | 180 | / | 50 |
| Farm | 14 | 1120 | / | 280 |
| Blacksmith | 1 | 140 | / | 60 |
| Barracks | 1 | 160 | / | 60 |
| Arcane Vault | 2 | 260 | / | 60 |
| Town Hall | 8 | 3080 | / | 1640 |
| Lumber Mill | 1 | 120 | / | 0 |
| Arcane Sanctum | 2 | 300 | / | 280 |
| Gryphon Aviary | 4 | 560 | / | 600 |
| Keep | 2 | 640 | / | 420 |
| Castle | 1 | 360 | / | 210 |
| total: | 35 | 5950g | / | 3050w |
| 0:04 | Peasant |
| 0:04 | Peasant |
| 0:12 | Altar of Kings |
| 0:22 | Farm |
| 0:26 | Peasant |
| 0:26 | Peasant |
| 0:38 | Peasant |
| 0:51 | Peasant |
| 1:17 | Blacksmith |
| 1:21 | Barracks |
| 1:25 | Peasant |
| 1:32 | Peasant |
| 1:37 | Arcane Vault |
| 1:53 | Farm |
| 1:58 | Scout Tower |
| 2:13 | Summon Water Elemental |
| 2:35 | Rifleman |
| 2:36 | Farm |
| 3:22 | Rifleman |
| 3:23 | Arcane Tower |
| 3:50 | Rifleman |
| 3:58 | Scroll of Regeneration |
| 3:59 | Lesser Clarity Potion |
| 4:19 | Rifleman |
| 4:22 | Keep |
| 5:33 | Farm |
| 5:47 | Scroll of Regeneration |
| 5:48 | Lesser Clarity Potion |
| 5:50 | Scroll of Regeneration |
| 5:50 | Lesser Clarity Potion |
| 6:05 | Farm |
| 6:58 | Rifleman |
| 6:59 | Long Rifles |
| 7:03 | Arcane Sanctum |
| 7:04 | Arcane Sanctum |
| 7:20 | Farm |
| 7:22 | Farm |
| 8:00 | Scroll of Regeneration |
| 8:07 | Brilliance Aura |
| 8:08 | Storm Bolt |
| 8:09 | Rifleman |
| 8:18 | Lesser Clarity Potion |
| 8:24 | Priest |
| 8:26 | Sorceress |
| 8:35 | Farm |
| 8:37 | Rifleman |
| 9:14 | Rifleman |
| 9:21 | Priest |
| 10:08 | Sorceress |
| 10:29 | Summon Water Elemental |
| 10:37 | Thunder Clap |
| 12:13 | Priest |
| 12:14 | Sorceress |
| 12:15 | Castle |
| 12:32 | Brilliance Aura |
| 12:54 | Farm |
| 13:12 | Sorceress Adept Training |
| 13:12 | Priest Adept Training |
| 14:24 | Priest |
| 14:46 | Sorceress Master Training |
| 14:47 | Priest Master Training |
| 14:48 | Rifleman |
| 14:58 | Storm Bolt |
| 15:17 | Town Hall |
| 15:35 | Farm |
| 16:31 | Thunder Clap |
| 17:35 | Boots of Speed |
| 17:36 | Scroll of Town Portal |
| 17:45 | Peasant |
| 17:46 | Peasant |
| 17:46 | Peasant |
| 17:46 | Peasant |
| 18:16 | Farm |
| 19:09 | Summon Water Elemental |
| 20:16 | Town Hall |
| 20:26 | Sorceress |
| 20:28 | Rifleman |
| 21:18 | Storm Bolt |
| 21:42 | Lumber Mill |
| 21:44 | Control Magic |
| 21:44 | Magic Sentry |
| 22:11 | Scroll of Town Portal |
| 22:11 | Scroll of Town Portal |
| 22:11 | Scroll of Town Portal |
| 22:57 | Town Hall |
| 23:32 | Peasant |
| 23:37 | Town Hall |
| 23:55 | Scroll of Town Portal |
| 24:44 | Scroll of Town Portal |
| 26:06 | Town Hall |
| 27:22 | Arcane Vault |
| 28:00 | Scroll of Town Portal |
| 28:00 | Scroll of Town Portal |
| 28:01 | Scroll of Town Portal |
| 28:06 | Town Hall |
| 29:42 | Scroll of Town Portal |
| 29:47 | Orb of Fire |
| 30:01 | Peasant |
| 30:34 | Scroll of Town Portal |
| 30:34 | Scroll of Town Portal |
| 30:35 | Scroll of Town Portal |
| 30:40 | Town Hall |
| 32:34 | Sorceress |
| 32:43 | Scroll of Town Portal |
| 33:12 | Sorceress |
| 33:13 | Priest |
| 34:01 | Town Hall |
| 34:11 | Scroll of Town Portal |
| 34:12 | Scroll of Town Portal |
| 34:12 | Scroll of Town Portal |
| 35:36 | Sorceress |
| 37:26 | Priest |
| 37:26 | Sorceress |
| 37:55 | Priest |
| 39:33 | Sorceress |
| 41:08 | Sorceress |
| 46:07 | Gryphon Aviary |
| 46:11 | Gryphon Aviary |
| 46:12 | Gryphon Aviary |
| 46:15 | Gryphon Aviary |
| 46:52 | Scroll of Town Portal |
| 46:52 | Scroll of Town Portal |
| 46:52 | Scroll of Town Portal |
| 47:29 | Storm Hammers |
| 50:32 | Scroll of Town Portal |
| 50:45 | Scroll of Town Portal |
| 54:18 | Gryphon Rider |
| 54:19 | Gryphon Rider |
| 54:19 | Gryphon Rider |
| 55:21 | Scroll of Town Portal |
| 56:04 | Farm |
| 56:12 | Farm |
| 56:49 | Gryphon Rider |
| 57:12 | Gryphon Rider |
| 57:20 | Farm |
| 57:38 | Scroll of Town Portal |
| 57:39 | Scroll of Town Portal |
| 58:00 | Gryphon Rider |
| 58:42 | Gryphon Rider |
| 62:00 | Mass Teleport |
| 62:07 | Gryphon Rider |
| 62:08 | Gryphon Rider |
| 66:24 | Scroll of Regeneration |
| 66:54 | Priest |
| Select group | 8467 |
| Right click | 5123 |
| Select | 787 |
| Misc. action | 435 |
| Build/train/purchase | 359 |
| Assign group | 189 |
| Use ability | 138 |
| Minimap ping | 57 |
| Esc | 40 |
| Item give/drop | 7 |


| Scroll of Speed | 7 | 350 |
| Healing Salve | 6 | 600 |
| Lesser Clarity Potion | 19 | 1330 |
| Potion of Healing | 2 | 300 |
| Orb of Lightning | 1 | 375 |
| Scroll of Town Portal | 1 | 350 |
| Boots of Speed | 1 | 250 |
| Staff of Teleportation | 1 | 150 |
| Potion of Lesser Invulnerability | 2 | 300 |
| total: | 40 | 4005g |
| Peon | 18 | 1350 | / | 0 |
| Wind Rider | 11 | 2915 | / | 440 |
| Demolisher | 12 | 2640 | / | 600 |
| Raider | 6 | 1080 | / | 240 |
| Troll Batrider | 15 | 2400 | / | 600 |
| total: | 62 | 10385g | / | 1880w |
| Watch Tower | 36 | 3960 | / | 2880 |
| Altar of Storms | 1 | 180 | / | 50 |
| Orc Burrow | 8 | 1280 | / | 320 |
| Voodoo Lounge | 2 | 260 | / | 60 |
| War Mill | 1 | 205 | / | 0 |
| Barracks | 1 | 180 | / | 50 |
| Great Hall | 4 | 1540 | / | 740 |
| Beastiary | 2 | 290 | / | 280 |
| Stronghold | 3 | 945 | / | 570 |
| Fortress | 1 | 325 | / | 190 |
| total: | 55 | 7895g | / | 4380w |
| 0:04 | Peon |
| 0:04 | Peon |
| 0:06 | Altar of Storms |
| 0:20 | Orc Burrow |
| 0:35 | Voodoo Lounge |
| 0:38 | Peon |
| 0:57 | Peon |
| 1:20 | War Mill |
| 1:22 | Peon |
| 1:34 | Peon |
| 1:35 | Peon |
| 1:45 | Orc Burrow |
| 1:53 | Peon |
| 1:54 | Peon |
| 2:11 | Scroll of Speed |
| 2:11 | Healing Salve |
| 2:12 | Lesser Clarity Potion |
| 2:12 | Lesser Clarity Potion |
| 2:15 | Wind Walk |
| 2:17 | Peon |
| 2:18 | Peon |
| 2:54 | Stronghold |
| 3:20 | Watch Tower |
| 3:33 | Watch Tower |
| 4:09 | Watch Tower |
| 4:20 | Boots of Speed |
| 4:21 | Staff of Teleportation |
| 4:33 | Watch Tower |
| 5:28 | Beastiary |
| 5:31 | Beastiary |
| 6:19 | Reinforced Defenses |
| 6:29 | Lesser Clarity Potion |
| 6:30 | Healing Salve |
| 6:30 | Scroll of Speed |
| 6:32 | Lesser Clarity Potion |
| 6:38 | Wind Rider |
| 6:41 | Orc Burrow |
| 6:45 | Wind Rider |
| 7:22 | Critical Strike |
| 7:40 | Wind Rider |
| 7:49 | Orc Burrow |
| 7:52 | Lesser Clarity Potion |
| 7:52 | Lesser Clarity Potion |
| 8:10 | Wind Rider |
| 8:54 | Barracks |
| 9:15 | Wind Rider |
| 9:52 | Wind Rider |
| 10:00 | Lesser Clarity Potion |
| 10:02 | Healing Salve |
| 10:18 | Wind Rider |
| 11:32 | Orc Burrow |
| 11:34 | Orc Burrow |
| 12:05 | Orc Burrow |
| 12:24 | Orc Burrow |
| 12:27 | Demolisher |
| 12:27 | Demolisher |
| 12:29 | Wind Walk |
| 12:53 | Demolisher |
| 13:18 | Wind Rider |
| 13:41 | Raider |
| 13:41 | Ensnare |
| 14:36 | Fortress |
| 14:51 | Lesser Clarity Potion |
| 15:07 | Demolisher |
| 15:31 | Raider |
| 16:02 | Great Hall |
| 16:19 | Healing Salve |
| 16:36 | Demolisher |
| 16:43 | Potion of Healing |
| 17:02 | Burning Oil |
| 19:13 | Demolisher |
| 19:13 | Demolisher |
| 19:20 | Orb of Lightning |
| 19:20 | Lesser Clarity Potion |
| 19:21 | Healing Salve |
| 19:29 | Watch Tower |
| 19:31 | Watch Tower |
| 19:33 | Watch Tower |
| 19:35 | Peon |
| 19:35 | Peon |
| 19:35 | Peon |
| 20:19 | Critical Strike |
| 21:20 | Watch Tower |
| 21:23 | Watch Tower |
| 21:25 | Watch Tower |
| 21:52 | Great Hall |
| 21:56 | Watch Tower |
| 21:58 | Watch Tower |
| 22:00 | Watch Tower |
| 22:26 | Watch Tower |
| 22:29 | Watch Tower |
| 22:38 | Troll Batrider |
| 22:38 | Troll Batrider |
| 22:38 | Troll Batrider |
| 22:38 | Troll Batrider |
| 22:52 | Watch Tower |
| 24:18 | Troll Batrider |
| 24:34 | Troll Batrider |
| 25:46 | Troll Batrider |
| 26:37 | Watch Tower |
| 26:39 | Watch Tower |
| 26:43 | Troll Batrider |
| 27:08 | Lesser Clarity Potion |
| 27:57 | Watch Tower |
| 28:02 | Troll Batrider |
| 29:00 | Lesser Clarity Potion |
| 29:02 | Healing Salve |
| 29:03 | Scroll of Speed |
| 30:54 | Stronghold |
| 31:03 | Watch Tower |
| 31:44 | Lesser Clarity Potion |
| 32:24 | Watch Tower |
| 32:46 | Lesser Clarity Potion |
| 33:16 | Scroll of Town Portal |
| 33:18 | Demolisher |
| 33:18 | Demolisher |
| 33:31 | Watch Tower |
| 34:15 | Demolisher |
| 34:15 | Demolisher |
| 34:17 | Lesser Clarity Potion |
| 35:31 | Watch Tower |
| 35:39 | Demolisher |
| 35:42 | Troll Batrider |
| 35:42 | Troll Batrider |
| 35:49 | Potion of Lesser Invulnerability |
| 37:26 | Watch Tower |
| 37:33 | Great Hall |
| 37:56 | Troll Batrider |
| 37:59 | Troll Batrider |
| 38:46 | Troll Batrider |
| 38:48 | Troll Batrider |
| 38:58 | Great Hall |
| 39:16 | Lesser Clarity Potion |
| 39:20 | Scroll of Speed |
| 41:32 | Peon |
| 41:32 | Peon |
| 41:40 | Lesser Clarity Potion |
| 41:42 | Scroll of Speed |
| 41:51 | Watch Tower |
| 42:59 | Watch Tower |
| 43:02 | Watch Tower |
| 43:26 | Peon |
| 43:27 | Peon |
| 43:46 | Raider |
| 43:46 | Raider |
| 43:49 | Raider |
| 43:49 | Raider |
| 44:44 | Watch Tower |
| 46:09 | Watch Tower |
| 46:39 | Watch Tower |
| 46:42 | Watch Tower |
| 46:55 | Watch Tower |
| 47:17 | Voodoo Lounge |
| 47:55 | Watch Tower |
| 47:57 | Watch Tower |
| 48:09 | Lesser Clarity Potion |
| 48:11 | Lesser Clarity Potion |
| 48:39 | Watch Tower |
| 48:53 | Potion of Lesser Invulnerability |
| 49:03 | Hex |
| 49:05 | Scroll of Speed |
| 50:33 | Watch Tower |
| 51:05 | Wind Rider |
| 51:05 | Wind Rider |
| 51:19 | Lesser Clarity Potion |
| 51:20 | Scroll of Speed |
| 51:20 | Potion of Healing |
| 52:38 | Wind Rider |
| 61:40 | Wind Walk |
| Right click | 3664 |
| Select group | 2469 |
| Select | 1412 |
| Misc. action | 361 |
| Build/train/purchase | 307 |
| Assign group | 123 |
| Use ability | 56 |
| Minimap ping | 27 |
| Resource trade | 13 |
| Item give/drop | 4 |
| Esc | 4 |
⇛